 Dungeon Crawl Stone Soup version 0.23-a0-49-gd9f7a49 (webtiles) character file.

135 Amnesiac the Gusty (level 4, 0/30 HPs)
             Began as a Mummy Air Elementalist on Aug 7, 2018.
             Hit by a tomahawk thrown by an orc (3 damage)
             ... on level 4 of the Dungeon.
             The game lasted 00:05:09 (1745 turns).

Amnesiac the Gusty (Mummy Air Elementalist)         Turns: 1745, Time: 00:05:09

Health: 0/30       AC:  5    Str: 11    XL:     4   Next: 97%
Magic:  1/10       EV: 12    Int: 15    God:
Gold:   154        SH:  4    Dex: 12    Spells: 7/11 levels left

rFire    x . .     SeeInvis .   a - +0 trident
rCold    + + .     Gourm    .   (no shield)
rNeg     + + +     Faith    .   g - +0 robe
rPois    ∞         Spirit   .   (no helmet)
rElec    .         Reflect  +   (no cloak)
rCorr    .         Harm     .   d - +2 pair of gloves
MR       .....                  (no boots)
Stlth    ++........             l - +4 amulet of reflection
HPRegen  0.10/turn              i - ring of protection from cold
MPRegen  0.12/turn              (no ring)

@: very slightly contaminated
A: no food or potions, fire vulnerability, cold resistance 1, negative energy
resistance 3, torment resistance, unbreathing
a: no special abilities


You were on level 4 of the Dungeon.
You were not hungry.

You visited 1 branch of the dungeon, and saw 4 of its levels.

You collected 154 gold pieces.

Inventory:

Hand Weapons
 a - a +0 trident (weapon)
 b - a +0 blowgun
 c - a +0 spear
Missiles
 j - 5 poisoned needles
Armour
 d - a +2 pair of gloves (worn)
 g - a +0 robe (worn)
Jewellery
 i - a ring of protection from cold (left hand)
 l - a +4 amulet of reflection (around neck)
Scrolls
 e - 2 scrolls of blinking {!r}
 f - a scroll of amnesia {!r}
 h - a scroll of identify {!r}
 k - a scroll of teleportation {!r}


   Skills:
 - Level 1.5 Dodging
 - Level 1.5 Stealth
 + Level 4.0 Spellcasting
   Level 0.7 Conjurations
 * Level 4.2 Air Magic


You had 7 spell levels left.
You knew the following spells:

 Your Spells              Type           Power        Failure   Level  Hunger
a - Airstrike             Air            ###.......   32%         4    N/A

Your spell library contained the following spells:

 Spells                   Type           Power        Failure   Level  Hunger
 Lightning Bolt           Conj/Air       ##........   88%         5    N/A
 Shock                    Conj/Air       ##..         7%          1    N/A
 Swiftness                Chrm/Air       #.......     12%         2    N/A
 Static Discharge         Conj/Air       ##......     21%         3    N/A

Dungeon Overview and Level Annotations

Branches:
Dungeon (4/15)
 Temple: D:4-7

Altars:


Innate Abilities, Weirdness & Mutations

You do not eat or drink.
Your flesh is vulnerable to fire.
You are immune to poison.
Your flesh is cold resistant. (rC+)
You are immune to negative energy. (rN+++)
You are immune to unholy pain and torment.
You can survive without breathing.


Message History

The adder completely misses you. The adder bites you but does no damage.
The adder bites you but does no damage. The adder bites you but does no damage.
The adder misses you.
A jackal comes into view.
The iguana closely misses you.
Found a scale mail.
Casting: Airstrike (quite dangerous; 34% risk of failure)
Confirm with . or Enter, or press ? or * to list all spells.
Aiming: Airstrike (quite dangerous; 34% risk of failure)
Press: ? - help, Dir - move target cursor, f/p - iguana
Aim: an iguana (severely wounded)
The air twists around and strikes the iguana!
You kill the iguana!
Training target 4.1 for Air Magic reached!
Your Air Magic skill increases to level 4!
You need to enable at least one skill for training.
Found a stone staircase leading down.
You block the adder's attack. The adder barely misses you.
The orc wizard casts a spell.
The orc wizard flickers and vanishes!
Deactivating autopickup; reactivate with Ctrl-A.
The adder bites you but does no damage. The adder bites you but does no damage.
Found an amethyst potion.
You block the adder's attack.
Casting: Airstrike (quite dangerous; 32% risk of failure)
Confirm with . or Enter, or press ? or * to list all spells.
Aiming: Airstrike (quite dangerous; 32% risk of failure)
Press: ? - help, Dir - move target cursor, f - orc
Aim: an orc, wearing a leather armour You miscast Airstrike.
You are very lightly contaminated with residual magic.
Sparks of electricity dance between your hands.
The adder barely misses you. The orc misses you. The adder bites you.
* * * LOW HITPOINT WARNING * * *
You puncture the orc!
The orc is almost dead.
The adder bites you.
* * * LOW HITPOINT WARNING * * *
The orc barely misses you.
You barely miss the orc.
The orc is almost dead.
The adder bites you.
* * * LOW HITPOINT WARNING * * *
You block the orc's attack. The adder bites you.
* * * LOW HITPOINT WARNING * * *
Really read
e - 3 scrolls of blinking {!r}?
Blink to where?
Press: ? - help, Dir - move target cursor, p - orc
As you read the scroll of blinking {!r}, it crumbles to dust.
The orc throws a tomahawk.
The tomahawk completely misses you.
A jackal comes into view.
The orc throws a tomahawk.
The tomahawk barely misses you.
Found a scroll labeled PEEGOGR ACZOTU.
You see here a tomahawk.
The orc throws a tomahawk.
The tomahawk hits you.
* * * LOW HITPOINT WARNING * * *
You see here a tomahawk.
The jackal barks! x2
The orc throws a tomahawk.
The tomahawk hits you.
You die...

#
#..#.######...........##o#.#.#.
###$.#o######....[####..##.#.#
# .......{.§........# #........
##.....######.o...####..##.###
##.....# ....S...(...†..##...
##.....# ####.o..(####.#######
##.....# #.[.(.####.# .#...!.#
#........... .......#
#...@........ .......
........>h....... .#...
####..##..h......# .#... #..
#.........# ... . #?. #.......
.... #.. ....... .# #. .......
....... .#.##.....


You could see an adder, 2 orcs and 2 jackals.

Vanquished Creatures
  A hound (D:4)
  An iguana (D:4)
  A worker ant (D:4)
  3 oozes
  A worm (D:1)
  3 dart slugs
  A leopard gecko (D:2)
  An orc (D:4)
  A ball python (D:3)
  4 giant cockroaches
  3 goblins
  4 hobgoblins
  5 frilled lizards
  3 kobolds
  A leopard gecko skeleton (D:3)
33 creatures vanquished.

Notes
Turn   | Place    | Note
-------+----------+-------------------------------------------
     0 | D:1      | Amnesiac the Mummy Air Elementalist began the quest for the Orb.
     0 | D:1      | Reached XP level 1. HP: 13/13 MP: 4/4
   175 | D:1      | Reached XP level 2. HP: 10/19 MP: 5/5
   807 | D:1      | Reached XP level 3. HP: 19/24 MP: 7/7
  1199 | D:4      | Noticed an ogre
  1269 | D:4      | Reached XP level 4. HP: 30/30 MP: 8/10
  1275 | D:4      | Learned a level 4 spell: Airstrike
  1745 | D:4      | Hit by a tomahawk thrown by an orc

Vault maps used:
D:1:      scummos_arrival_simple_fountains
D:2:      grunt_temple_overflow_open
D:3:      first_ration, minmay_lizard_king

Skill      XL: |  1  2  3  4 |
---------------+-------------+-----
Air Magic      | 3 4 |  4.2
Spellcasting   | 3 4 |  4.0
Dodging        | |  1.5
Stealth        | |  1.5
Conjurations   | |  0.7

Action                   |  1- 3 |  4- 6 || total
-------------------------+-------+-------++-------
Melee: Club              |    52 |       ||    52
       Whip              |    23 |       ||    23
       Spear             |    72 |       ||    72
       Trident           |       |    17 ||    17
 Fire: Blowgun           |     2 |       ||     2
 Cast: Airstrike         |       |     5 ||     5
  Use: Scroll            |     5 |     1 ||     6
 Stab: Sleeping          |     2 |       ||     2
       Distracted        |     1 |       ||     1
Armor: Robe              |    33 |     6 ||    39
Dodge: Dodged            |    79 |    25 ||   104
Block: Other             |       |     6 ||     6

Table legend:
 A = Spawn XP
 B = Non-spawn XP
 C = Spawn XP percentage of total XP
 D = Spawn monster count
 E = Non-spawn monster count
 F = Spawn count percentage of total count
 G = Total turns spent on level
                    A         B        C        D         E        F      G
               +---------+---------+-------+---------+---------+-------+---------
         Total |       0 |     194 |   0.0 |       0 |      33 |   0.0 |  1745
               +---------+---------+-------+---------+---------+-------+---------
           D:1 |       0 |      42 |   0.0 |       0 |      14 |   0.0 |   791
           D:2 |       0 |       5 |   0.0 |       0 |       2 |   0.0 |    51
           D:3 |       0 |      27 |   0.0 |       0 |      12 |   0.0 |   400
           D:4 |       0 |     120 |   0.0 |       0 |       5 |   0.0 |   503
               +---------+---------+-------+---------+---------+-------+---------
